 Dungeon Crawl Stone Soup version 0.27-a0-773-gaaee5cf45b (webtiles) character file.

Game seed: 17515405956913597131

2 CowFu the Shield-Bearer (level 1, 0/19 HPs)
             Began as a Minotaur Fighter on Mar 25, 2021.
             Slain by a kobold
             ... wielding a +0 whip of electrocution
              (19 damage)
             ... on level 1 of the Dungeon.
             The game lasted 00:00:04 (69 turns).

CowFu the Shield-Bearer (Minotaur Fighter)            Turns: 69, Time: 00:00:04

Health: 0/19       AC:  6    Str: 20    XL:     1   Next: 25%
Magic:  0/0        EV:  7    Int:  5    God:
Gold:   0          SH:  9    Dex:  9    Spells: 0/0 levels left

rFire    . . .     SeeInvis .   a - +0 long sword
rCold    . . .     Faith    .   c - +0 kite shield
rNeg     . . .     Spirit   .   b - +0 scale mail
rPois    .         Reflect  .   (helmet restricted)
rElec    .         Harm     .   (no cloak)
rCorr    .         Rampage  .   (no gloves)
Will     .....                  (no boots)
Stlth    ..........             (no amulet)
HPRegen  0.06/turn              (no ring)
MPRegen  0.07/turn              (no ring)

@: no status effects
A: horns 2, retaliatory headbutt
a: no special abilities


You were on level 1 of the Dungeon.
You visited 1 branch of the dungeon, and saw 1 of its levels.

Inventory:

Hand Weapons
 a - a +0 long sword (weapon)
Armour
 b - a +0 scale mail (worn)
 c - a +0 kite shield (worn)
Jewellery
 e - a ring of fire
Potions
 d - a potion of might
 f - a potion of heal wounds {unknown}


   Skills:
 - Level 3.6 Fighting
 + Level 2.7 Long Blades
 - Level 3.6 Armour
 - Level 3.6 Shields


You couldn't memorise any spells.
You didn't know any spells.
Your spell library was empty.

Dungeon Overview and Level Annotations

Branches:
Dungeon (1/15)

Altars:


Innate Abilities, Weirdness & Mutations

You have a pair of horns on your head.
You reflexively headbutt those who attack you in melee.


Message History

Welcome, CowFu the Minotaur Fighter.
Will you be the one to retrieve the fabled Orb of Zot from the depths?
Press ? for a list of commands and other information.
Found an opal ring.
Found a staircase leading out of the dungeon.
Setting a skill training target for Long Blades at 14.0.
There is a staircase leading out of the dungeon here.
e - a ring of fire No target in view!
Found a mace.
No target in view!
f - a smoky cyan potion No target in view!
You see here a +0 mace.
A hobgoblin comes into view.
A hobgoblin is nearby!
A hobgoblin is nearby!
You slash the hobgoblin!
You kill the hobgoblin!
A ball python and a kobold come into view.
The kobold is wielding a +0 whip of electrocution.
The kobold shouts!
The ball python hisses angrily.
Found 17 stones.
There are monsters nearby!
You closely miss the ball python. The ball python barely misses you.
You furiously retaliate!
You headbutt the ball python!
You kill the ball python!
A kobold is nearby!
The kobold hits you but does no damage.
You are electrocuted!!
Ouch! That really hurt!
You die...

#####+## #.#
.......## ##.#
≈≈≈≈≈≈..## ....
.....≈≈..# ##..#
...♣..≈≈..####...##
..<.8..≈≈.........#
.....♣..≈..
#†..#####
........≈.#
#.@K.(.#
.....♣.≈≈.#
##.###.#
♣..8..≈≈..# #.# .#
....♣≈≈..## #.###.#
≈≈.≈≈≈..## #...#.#
.........###
#.#.#.#
...........#
#.#.#.#
...........###
#.#.#.#
.............#
#^....#


You could see a kobold.

Vanquished Creatures
  A hobgoblin (D:1)
  A ball python (D:1)
2 creatures vanquished.

Notes
Turn   | Place    | Note
-------+----------+-------------------------------------------
     0 | D:1      | CowFu the Minotaur Fighter began the quest for the Orb.
     0 | D:1      | Reached XP level 1. HP: 19/19 MP: 0/0
    69 | D:1      | Slain by a kobold

Illustrated notes

Levels and vault maps discovered:
D:1:      moated_graveyard_arrival, layout_loops_corners

Action                   || total
-------------------------++-------
Melee: Long sword        ||     2
Armor: Scale mail        ||     1
Dodge: Dodged            ||     1

Table legend: (Time is in decaauts)
 A = Elapsed time spent in this place.
 B = Non-inter-level travel time spent in this place.
 C = Inter-level travel time spent in this place.
 D = Time resting spent in this place.
 E = Time spent auto-exploring this place.
 F = Levels seen in this place.
 G = Mean time per level.
                   A        B        C        D        E       F      G
               +--------+--------+--------+--------+--------+-----+--------+
         Total |     69 |     69 |      0 |      0 |     60 |   1 |   69.0 |
       Dungeon |     69 |     69 |      0 |      0 |     60 |   1 |   69.0 |
               +--------+--------+--------+--------+--------+-----+--------+

Top non-repeatable levels by time:
     D:1: 69 daAuts
